 Dungeon Crawl Stone Soup version 0.28-a0-1356-g2ad6d04315 (webtiles) character file.

Game seed: 3104479168124872956

154343 blank1 the Warrior (level 17, -6/172 HPs)
             Began as a Minotaur Fighter on Dec 30, 2021.
             Was the Champion of Okawaru.
             Mangled by blank1's illusion (illusionary) (8 damage)
             ... woven by Mara
             ... on level 3 of the Shoals on Dec 31, 2021.
             The game lasted 01:18:10 (27969 turns).

blank1 the Warrior (Minotaur Fighter)              Turns: 27969, Time: 01:18:10

Health: -6/172     AC: 51    Str: 31    XL:     17   Next: 6%
Magic:  22/22      EV: 10    Int:  9    God:    Okawaru [******]
Gold:   1703       SH: 19    Dex: 17    Spells: 16/16 levels left

rFire   + . .      SeeInvis +   S - +6 eveningstar (vorpal)
rCold   . . .      Faith    .   i - +0 tower shield of Naom {rN+ Will+}
rNeg    + . .      Spirit   .   L - +9 crystal plate armour "Mepnuko" {Int+4}
rPois   +          Reflect  .   A - +2 hat
rElec   +          Harm     .   I - +2 cloak of the Thief {*Fog Slay-2 SInv Stlth+}
rCorr   +          Rampage  .   y - +3 pair of gloves of the Moon {rElec SInv}
Will    +++..                   W - +2 pair of boots "Gexi" {rPois Dex+3 Stlth-}
Stlth   ..........              O - amulet "Cebaesum" {rF+ Will+ Regen+}
HPRegen 1.18/turn               j - +4 ring of protection
MPRegen 0.18/turn               D - ring "Ymeon" {rCorr Str+6}

@: studying Ice Magic, very slow
A: horns 2, retaliatory headbutt
a: Renounce Religion, Heroism, Finesse, Duel


You were on level 3 of the Shoals.
You worshipped Okawaru.
Okawaru was exalted by your worship.
You visited 5 branches of the dungeon, and saw 27 of its levels.
You also visited: Bailey, Gauntlet, Ice Cave and Volcano.

You collected 4345 gold pieces.
You spent 2642 gold pieces at shops.

Inventory:

Hand Weapons
 c - the +9 morningstar of Honesty {freeze, rF- rN+ Int+2}
   (Okawaru gifted it to you on level 5 of the Lair of Beasts)

   It freezes those it strikes, dealing additional cold damage.
   It can also slow down cold-blooded creatures.
   Int:       It affects your intelligence (+2).
   rF:        It makes you vulnerable to fire.
   rN:        It protects you from negative energy.
 q - the +8 dire flail "Suots" {holy, rElec SInv Stlth+}
   (Okawaru gifted it to you on level 8 of the Dungeon)

   It has been blessed by the Shining One to cause great damage to the undead
   and demons.
   rElec:     It insulates you from electricity.
   SInv:      It lets you see invisible.
   Stlth:     It makes you more stealthy.
 z - a +2 demon blade of flaming
 G - a +4 triple sword of holy wrath
 S - a +6 vorpal eveningstar (weapon)
 T - the +7 flail "Ogrebane" {drain, Str+3}
   (You found it in a Gauntlet)

   A truly terrible weapon, it drains the life of any living foe it strikes.
   Str:       It affects your strength (+3).
Missiles
 f - 19 javelins (quivered)
Armour
 i - the +0 tower shield of Naom (worn) {rN+ Will+}
   (Okawaru gifted it to you on level 15 of the Dungeon)

   rN:        It protects you from negative energy.
   Will:      It increases your willpower.
 y - the +3 pair of gloves of the Moon (worn) {rElec SInv}
   (Okawaru gifted it to you on level 6 of the Lair of Beasts)

   rElec:     It insulates you from electricity.
   SInv:      It lets you see invisible.
 A - a +2 hat (worn)
 I - the +2 cloak of the Thief (worn) {*Fog Slay-2 SInv Stlth+}
   (Okawaru gifted it to you on level 9 of the Dungeon)

   It may release a thick cloud of smoke when the wearer is hurt.
   Slay:      It affects your accuracy & damage with ranged weapons and melee
   (-2).
   SInv:      It lets you see invisible.
   Stlth:     It makes you more stealthy.
 L - the +9 crystal plate armour "Mepnuko" (worn) {Int+4}
   (Okawaru gifted it to you on level 2 of the Shoals)

   Int:       It affects your intelligence (+4).
 U - a +1 kite shield of cold resistance
 V - a +2 plate armour of cold resistance
 W - the +2 pair of boots "Gexi" (worn) {rPois Dex+3 Stlth-}
   (Okawaru gifted it to you on level 13 of the Dungeon)

   Dex:       It affects your dexterity (+3).
   rPois:     It protects you from poison.
   Stlth:     It makes you less stealthy.
Jewellery
 j - a +4 ring of protection (left hand)
 n - a ring of protection from fire
 D - the ring "Ymeon" (right hand) {rCorr Str+6}
   (You bought it in a shop on level 14 of the Dungeon)

   [ring of strength]

   Str:       It affects your strength (+6).
   rCorr:     It protects you from acid and corrosion.
 O - the amulet "Cebaesum" (around neck) {rF+ Will+ Regen+}
   (You bought it in a shop on level 9 of the Dungeon)

   [amulet of regeneration]

   rF:        It protects you from fire.
   Regen:     It increases your rate of health regeneration.
   Will:      It increases your willpower.
Wands
 p - a wand of paralysis (55)
 t - a wand of digging (5)
 x - a wand of flame (45)
 B - a wand of iceblast (17)
 H - a wand of acid (18)
 R - a wand of polymorph (29)
Scrolls
 a - 9 scrolls of identify
 h - 8 scrolls of enchant armour
 k - 8 scrolls of fog
 l - 4 scrolls of immolation
 v - 4 scrolls of fear
 w - a scroll of holy word
 C - 10 scrolls of teleportation
 M - a scroll of brand weapon
 N - 3 scrolls of blinking
Potions
 b - 3 potions of attraction
 d - 6 potions of might
 e - 4 potions of haste
 g - 3 potions of heal wounds
 m - a potion of invisibility
 o - 7 potions of curing
 r - a potion of flight
 s - 2 potions of lignification
 u - a potion of ambrosia
 E - 3 potions of cancellation
 F - 3 potions of berserk rage
 J - 2 potions of mutation
 K - 4 potions of resistance
 P - a potion of brilliance


   Skills:
 + Level 20.8 Fighting
 - Level 7.0 Long Blades
 - Level 16.0 Maces & Flails
 - Level 16.0 Armour
 + Level 11.5 Dodging
 - Level 15.0 Shields
 - Level 8.0 Invocations


You had 16 spell levels left.
You didn't know any spells.
Your spell library contained the following spells:

 Spells                   Type           Power      Damage    Failure   Level
 Apportation              Tloc           0%         N/A       100%        1
 Slow                     Hex            0%         N/A       100%        1
 Corpse Rot               Necr/Air       0%         N/A       100%        2
 Ensorcelled Hibernation  Hex/Ice        0%         N/A       100%        2
 Passwall                 Tmut/Erth      0%         N/A       100%        2
 Poisonous Vapours        Pois/Air       0%         N/A       100%        2
 Confusing Touch          Hex            0%         N/A       100%        3
 Conjure Flame            Conj/Fire      0%         6-21      100%        3
 Dazzling Flash           Conj/Hex       0%         N/A       100%        3
 Ignite Poison            Fire/Tmut/Pois 0%         N/A       100%        3
 Mephitic Cloud           Conj/Pois/Air  0%         N/A       100%        3
 Portal Projectile        Hex/Tloc       0%         N/A       100%        3
 Spider Form              Tmut/Pois      0%         N/A       100%        3
 Swiftness                Air            0%         N/A       100%        3
 Vampiric Draining        Necr           0%         2d6       100%        3
 Airstrike                Air            0%         N/A       100%        4
 Iskenderun's Mystic Bla  Conj/Tloc      0%         2d3       100%        4
 Sticky Flame             Conj/Fire      0%         2d3       100%        4
 Alistair's Intoxication  Tmut/Pois      0%         N/A       100%        5
 Blade Hands              Tmut           0%         N/A       100%        5
 Borgnjor's Vile Clutch   Necr/Erth      0%         N/A       100%        5
 Excruciating Wounds      Necr           0%         N/A       100%        5
 Freezing Cloud           Conj/Ice/Air   0%         6-21      100%        5
 Lee's Rapid Deconstruct  Erth           0%         3d5*      100%        5
 Lightning Bolt           Conj/Air       0%         1d11      100%        5
 Dispersal                Tloc           0%         N/A       100%        6
 Eringya's Noxious Bog    Tmut/Pois      0%         N/A       100%        6
 Starburst                Conj/Fire      0%         6d3       100%        6
 Statue Form              Tmut/Erth      0%         N/A       100%        6
 Orb of Destruction       Conj           0%         N/A       100%        7
 Storm Form               Tmut/Air       0%         N/A       100%        7
 Disjunction              Tloc           0%         N/A       100%        8
 Maxwell's Capacitive Co  Air            0%         ∞         100%        8
 Summon Guardian Golem    Hex/Summ       Unusable   N/A       N/A         3
 Summon Lightning Spire   Summ/Air       Unusable   N/A       N/A         4
 Spellforged Servitor     Conj/Summ      Unusable   N/A       N/A         7

Dungeon Overview and Level Annotations

Branches:
Dungeon (15/15)            Temple (1/1) D:4            Lair (6/6) D:9
 Shoals (3/4) Lair:3       Spider (0/4) Lair:3        Slime (0/5) Lair:5
    Orc (2/2) D:10            Elf (0/3) Orc:2        Vaults (0/5) D:13
 Depths (0/4) D:15         Bailey (visited)           IceCv (visited)
Volcano (visited)         Gauntlet (visited)

Altars:
Cheibriados
Elyvilon
Fedhas
Makhleb
Nemelex Xobeh
Okawaru
Trog
Uskayaw
Wu Jian
Yredelemnul
Zin
The Shining One
Beogh

Shops:
D:1 ?   D:2 [   D:9 =!   D:13 *([   D:14 [(?=   Orc:2 :((:   Shoals:3 *

Annotations:
D:12 3 runed translucent doors, Zewas's ghost, journeyman HuFi
D:13 3 runed translucent doors, Remav's ghost, adept GnAr
Shoals:3 Mara


Innate Abilities, Weirdness & Mutations

You have a pair of horns on your head.
You reflexively headbutt those who attack you in melee.


Message History

Mara is severely wounded.
Mara hits you but does no damage. Blank1's illusion hits you!
Your unstable footing causes you to fumble your attack.
Mara hits you with a +1 demon trident of electrocution.
You hit Mara.
Mara is severely wounded.
You block blank1's illusion's attack.
Mara points ostentatiously.
Mara weaves an illusion.
Mara shimmers and seems to become three!
Your unstable footing causes you to fumble your attack.
Mara blinks! x2; You block blank1's illusion's attack.
Mara hits you but does no damage.
Mara blinks!
You hit Mara. Your headbutt misses Mara.
Mara is severely wounded.
You block blank1's illusion's attack.
Mara blinks!
Mara gestures at you.
The bolt of fire hits you but does no damage.
Mara hits you from afar with a +1 demon trident of electrocution!!
You impale Mara!!
Mara is almost dead.
Blank1's illusion hits you!
* * * LOW HITPOINT WARNING * * *
x2 You block Mara's attack.
Mara blinks!
You block Mara's attack.
Your unstable footing causes you to fumble your attack.
You block blank1's illusion's attack. You block Mara's attack.
Mara hits you but does no damage.
Mara blinks!
You miss Mara. You headbutt Mara, but do no damage.
Mara is almost dead.
Blank1's illusion hits you but does no damage.
Mara hits you but does no damage.
Mara blinks!
Mara gestures at you. The bolt of fire hits you! You resist.
* * * LOW HITPOINT WARNING * * *
Unknown command.
Your unstable footing causes you to fumble your attack.
Blank1's illusion hits you!!
* * * LOW HITPOINT WARNING * * *
With a swish of your cloak, you release a cloud of fog.
You die...

................≈≈≈≈≈≈≈≈≈≈
≈.≈≈≈≈≈≈...)......≈≈≈≈≈≈≈.
≈≈≈≈≈≈≈≈..##..≈...≈≈≈≈≈≈≈≈
≈≈≈≈≈≈≈≈≈.##.R.##R.≈≈≈≈≈..
≈≈≈≈≈≈≈≈≈......)##.≈≈≈≈≈≈.
≈≈≈≈≈≈≈≈≈.........<..≈≈≈≈≈
≈≈≈≈≈≈≈≈≈§§§≈≈≈≈÷....≈≈≈≈.
≈≈≈≈≈≈≈§§§@§≈≈≈≈..≈.≈≈≈≈≈.
≈≈≈≈≈≈≈§R@§§§≈...≈≈≈≈≈≈≈≈≈
≈≈≈≈≈≈≈§§§§≈≈≈≈....R.≈≈≈≈≈
≈≈≈≈≈≈R≈§≈§§§§........≈...
≈≈≈≈≈≈≈≈≈≈≈≈≈>###...≈≈....
≈≈≈≈≈≈≈≈≈≈≈≈≈..##..≈≈..###
≈≈≈≈≈≈≈≈≈≈≈≈........≈≈..
≈≈≈≈≈≈≈≈≈≈≈...≈.≈.≈≈..
≈≈≈≈≈≈≈≈≈≈≈≈....≈≈≈≈≈
≈≈≈≈≈≈≈


You could see 2 Maras and blank1's illusion.

Vanquished Creatures
  Jorgrun (Orc:1)
  Rupert (Lair:3)
  Gastronok (Lair:3)
  Ilsuiw (Shoals:2)
  A frost giant (IceCv)
  An emperor scorpion (D:15)
  An orc warlord (Bailey)
  The ghost of Baesais the Warrior, a journeyman MiFi of Okawaru (Lair:5)
  A dire elephant (D:15)
  2 minotaurs
  A fire dragon (Lair:6)
  A merfolk impaler (Shoals:2)
  Josephine (D:12)
  Harold (D:7)
  A great orb of eyes (Gauntlet)
  8 vault guards
  3 ogre magi
  An ice dragon (Lair:5)
  12 hydras
  5 centaur warriors
  3 boulder beetles
  3 merfolk avatars
  2 catoblepae
  A death knight (D:14)
  16 two-headed ogres
  7 death yaks
  A satyr (Shoals:2)
  A merfolk aquamancer (Shoals:2)
  The ghost of shoop the Cleaver, a novice PaAK of Lugonu (D:9)
  3 orc high priests (Orc:2)
  Urug (D:11)
  Sonja (Orc:1)
  A skeletal warrior (D:14)
  The ghost of flotson the Skirmisher, a novice DsGl of Gozag (D:8)
  An orb spider (shapeshifter) (D:14)
  6 sea snakes
  A deep elf archer (Volcano)
  9 harpies
  5 orc knights
  An obsidian statue (Gauntlet)
  A phantasmal warrior (D:15)
  A wizard (D:14)
  2 lindwurms
  A wolf spider (Lair:2)
  9 deep elf pyromancers
  5 orc sorcerers
  7 cyclopes
  22 ugly things
  10 manticores
  A salamander (D:15)
  10 fauns (Shoals:2)
  An ice statue (IceCv)
  10 merfolk sirens
  Maurice (Orc:2)
  2 molten gargoyles (Lair:6)
  2 gargoyles
  A torpor snail (Lair:5)
  An elephant (Lair:3)
  A black mamba (Lair:6)
  A demonic crawler (Lair:6)
  16 cane toads
  A freezing wraith (D:14)
  14 komodo dragons
  3 rime drakes
  4 kobold demonologists
  15 polar bears
  4 guardian mummies
  3 wind drakes
  6 meliai
  11 merfolk
  4 snapping turtles
  4 trolls
  6 slime creatures (D:15)
  10 dream sheep (Lair:6)
  12 blink frogs
  2 shadows (D:13)
  A culicivora (shapeshifter) (D:12)
  6 wraiths (D:12)
  10 basilisks
  13 wyverns
  5 water elementals
  Grum (D:8)
  A vampire (D:12)
  53 yaks
  3 fire elementals (Volcano)
  2 steam dragons
  Edmund (D:6)
  16 vampire mosquitoes
  2 swamp worms (Lair:6)
  3 wargs (Orc:1)
  2 acid dragons
  14 water moccasins
  Duvessa (D:4)
  10 hell hounds
  20 orc warriors
  2 black bears
  2 sky beasts
  8 ogres
  4 boggarts (D:13)
  2 ice beasts (D:8)
  29 wolves
  15 centaurs
  11 bullfrogs
  2 kobold brigands
  5 scorpions
  A wyvern zombie (D:6)
  2 water moccasin zombies
  Dowan (D:4)
  7 wights
  5 killer bees (D:6)
  6 howler monkeys
  4 electric eels
  5 lava snakes (Lair:6)
  2 centaur zombies
  A jelly (D:5)
  5 hounds
  11 orc priests
  3 bullfrog skeletons
  A gnoll shaman (D:5)
  2 iguanas
  25 orc wizards
  A killer bee zombie (D:5)
  2 centaur simulacra (D:8)
  4 mummies
  6 adders
  5 gnolls
  4 white imps
  An ufetubus (D:4)
  3 worms
  2 dart slugs
  69 orcs
  6 ball pythons
  5 bats
  3 endoplasms
  A giant cockroach (D:4)
  12 goblins
  6 hobgoblins
  3 jackals (D:3)
  21 kobolds
  2 quokkas (D:3)
  3 frilled lizards
  3 rats (D:1)
801 creatures vanquished.

Vanquished Creatures (others)
  A faun (Shoals:2)
  A vampire mosquito (D:15)
  An orc priest (Orc:2)
  6 fungi
  49 plants
58 creatures vanquished.

Grand Total: 859 creatures vanquished

Notes
Turn   | Place    | Note
-------+----------+-------------------------------------------
     0 | D:1      | blank1 the Minotaur Fighter began the quest for the Orb.
     0 | D:1      | Reached XP level 1. HP: 19/19 MP: 0/0
   362 | D:1      | Reached XP level 2. HP: 27/27 MP: 1/1
   430 | D:1      | Found a faded altar of an unknown god.
  1030 | D:1      | Reached skill level 1 in Dodging
  1149 | D:2      | Found Tauck's Antique Armour Shoppe.
  1156 | D:2      | Reached skill level 4 in Fighting
  1156 | D:2      | Reached XP level 3. HP: 25/33 MP: 2/2
  1568 | D:2      | Found a basalt altar of Yredelemnul.
  1975 | D:3      | Got Pinym's Disquisition on the Mountains and Poisoning
  2174 | D:3      | Reached XP level 4. HP: 40/40 MP: 3/3
  2672 | D:4      | Noticed Duvessa
  2718 | D:4      | Reached XP level 5. HP: 45/47 MP: 4/4
  2780 | D:4      | Found a burning altar of Makhleb.
  2781 | D:4      | Found a glowing golden altar of the Shining One.
  2782 | D:4      | Found an ornate altar of the Wu Jian Council.
  2782 | D:4      | Found a sparkling altar of Nemelex Xobeh.
  2821 | D:4      | Killed Duvessa
  2822 | D:4      | Reached skill level 5 in Fighting
  2822 | D:4      | Reached skill level 5 in Maces & Flails
  2974 | D:4      | Noticed Dowan
  2985 | D:4      | Killed Dowan
  2986 | D:4      | Reached XP level 6. HP: 55/56 MP: 5/5
  3167 | D:4      | Found a staircase to the Ecumenical Temple.
  3183 | Temple   | Entered the Ecumenical Temple
  3193 | Temple   | Became a worshipper of Warmaster Okawaru
  3428 | D:5      | Entered Level 5 of the Dungeon
  3572 | D:5      | Reached skill level 6 in Fighting
  3572 | D:5      | Reached skill level 1 in Invocations
  3680 | D:4      | Reached XP level 7. HP: 63/63 MP: 6/8
  3761 | D:5      | Reached * piety under Okawaru
  4049 | D:5      | Reached skill level 7 in Fighting
  4702 | D:6      | Reached ** piety under Okawaru
  4703 | D:6      | Reached XP level 8. HP: 73/73 MP: 9/9
  4735 | D:6      | Reached skill level 8 in Fighting
  5349 | D:6      | Reached skill level 5 in Armour
  5358 | D:6      | Noticed Edmund
  5366 | D:6      | Reached skill level 5 in Shields
  5377 | D:6      | Killed Edmund
  5704 | D:7      | Reached *** piety under Okawaru
  5787 | D:2      | Bought an embroidered hat for 133 gold pieces
  5877 | D:7      | Noticed Harold
  5890 | D:6      | Reached skill level 9 in Fighting
  5914 | D:6      | Reached XP level 9. HP: 66/83 MP: 10/10
  6452 | D:6      | Reached **** piety under Okawaru
  6600 | D:7      | Killed Harold
  6601 | D:7      | Reached skill level 10 in Fighting
  6601 | D:7      | Reached skill level 10 in Maces & Flails
  7218 | D:8      | Reached ***** piety under Okawaru
  7219 | D:8      | Reached skill level 5 in Dodging
  7383 | D:8      | Noticed flotson's ghost (novice DsGl)
  7410 | D:8      | Found a runed translucent gate.
  7410 | D:8      | Found a runed translucent gate.
  7410 | D:8      | Found a runed translucent gate.
  7498 | D:8      | Reached XP level 10. HP: 93/93 MP: 12/12
  7816 | D:8      | Noticed Grum
  7822 | D:8      | Identified the +8 dire flail "Suots" {holy, rElec SInv
                  | Stlth+} (Okawaru gifted it to you on level 8 of the
                  | Dungeon)
  7822 | D:8      | Received a gift from Okawaru
  7837 | D:8      | Killed Grum
  8497 | D:8      | Killed flotson's ghost
  8498 | D:8      | Reached skill level 11 in Fighting
  8639 | D:9      | Noticed a two-headed ogre
  8643 | D:9      | Killed a two-headed ogre
  8748 | D:9      | Found a runed translucent gate.
  8748 | D:9      | Found a runed translucent gate.
  8748 | D:9      | Found a runed translucent gate.
  8809 | D:9      | Found Kuxes's Jewellery Boutique.
  8923 | D:9      | Reached skill level 12 in Fighting
  8956 | D:9      | Noticed a two-headed ogre
  8967 | D:8      | Killed a two-headed ogre
  8974 | D:9      | Received a gift from Okawaru
  8974 | D:9      | Found the +2 cloak of the Thief {*Fog Slay-2 SInv Stlth+}
  9463 | D:9      | Noticed a gargoyle
  9478 | D:9      | Killed a gargoyle
  9533 | D:9      | Found a staircase to the Lair.
  9579 | D:9      | Found Xueb's Distillery.
  9590 | D:9      | Reached XP level 11. HP: 91/104 MP: 13/13
  9656 | D:9      | Noticed shoop's ghost (novice PaAK)
  9917 | D:9      | Killed shoop's ghost
  9918 | D:9      | Reached skill level 10 in Armour
  9968 | D:10     | Entered Level 10 of the Dungeon
 10090 | D:10     | Noticed a two-headed ogre
 10096 | D:10     | Killed a two-headed ogre
 10115 | D:10     | Noticed a two-headed ogre
 10124 | D:10     | Killed a two-headed ogre
 10227 | D:10     | Found a flagged portal.
 10243 | Bailey   | Entered a bailey
 10255 | Bailey   | Noticed an orc warlord
 10378 | Bailey   | Found a runed translucent gate.
 10380 | Bailey   | Found a runed translucent gate.
 10382 | Bailey   | Found a runed translucent gate.
 10466 | Bailey   | Killed an orc warlord
 10662 | D:10     | Acquired 487 gold pieces
 10725 | D:9      | Bought the amulet "Cebaesum" {rF+ Will+ Regen+} for 644
                  | gold pieces
 10830 | D:10     | Reached skill level 13 in Fighting
 11011 | D:10     | Found a staircase to the Orcish Mines.
 11784 | D:11     | Noticed a two-headed ogre
 11794 | D:11     | Killed a two-headed ogre
 11844 | D:11     | Reached skill level 14 in Fighting
 11850 | D:11     | Noticed Urug
 11862 | D:11     | Killed Urug
 12009 | D:11     | Reached XP level 12. HP: 102/118 MP: 14/14
 12332 | Lair:1   | Entered Level 1 of the Lair of Beasts
 12514 | Lair:1   | Received a gift from Okawaru
 12515 | Lair:1   | Reached skill level 15 in Fighting
 14079 | Lair:3   | Found a hole to the Spider Nest.
 14081 | Lair:3   | Noticed a five-headed hydra
 14131 | Lair:2   | Killed a five-headed hydra
 14171 | Lair:3   | Reached skill level 5 in Invocations
 14398 | Lair:3   | Found a staircase to the Shoals.
 14460 | Lair:3   | Noticed a five-headed hydra
 14466 | Lair:3   | Killed a five-headed hydra
 14466 | Lair:3   | Received a gift from Okawaru
 14531 | Lair:3   | Noticed Rupert
 14552 | Lair:3   | Killed Rupert
 14553 | Lair:3   | Reached skill level 15 in Maces & Flails
 14845 | Lair:3   | Reached XP level 13. HP: 126/126 MP: 15/15
 15022 | Lair:3   | Noticed Gastronok
 15036 | Lair:3   | Killed Gastronok
 15621 | Lair:4   | Received a gift from Okawaru
 15621 | Lair:4   | Reached ****** piety under Okawaru
 15622 | Lair:4   | Reached skill level 10 in Dodging
 15727 | Lair:4   | Identified the +11 spear of Eruask {freeze, rPois rF+ Str-5
                  | Stlth+}
 15838 | Lair:4   | Found an ornate altar of the Wu Jian Council.
 15839 | Lair:4   | Found a hide-covered altar of Uskayaw.
 16129 | Lair:5   | Noticed a minotaur
 16144 | Lair:5   | Identified the +9 morningstar of Honesty {freeze, rF- rN+
                  | Int+2} (Okawaru gifted it to you on level 5 of the Lair of
                  | Beasts)
 16144 | Lair:5   | Received a gift from Okawaru
 16170 | Lair:5   | Reached skill level 16 in Fighting
 16176 | Lair:5   | Identified the +3 scythe of Valuable Assets {vorpal, Int+4}
 16180 | Lair:5   | Found a staircase to the Slime Pits.
 16256 | Lair:5   | Found a dark tunnel.
 16267 | Volcano  | Entered a volcano
 16339 | Volcano  | Reached skill level 17 in Fighting
 16583 | Lair:5   | Found a frozen archway.
 16588 | Lair:5   | Identified the +0 pair of boots "Watepsy" {SInv} (Okawaru
                  | gifted it to you on level 5 of the Lair of Beasts)
 16588 | Lair:5   | Received a gift from Okawaru
 16617 | Lair:5   | Reached skill level 18 in Fighting
 16632 | IceCv    | Entered an ice cave
 16919 | IceCv    | Reached XP level 14. HP: 141/144 MP: 16/16
 17053 | IceCv    | Reached skill level 19 in Fighting
 17122 | IceCv    | Noticed a frost giant
 17135 | IceCv    | Killed a frost giant
 17616 | Lair:5   | Noticed Baesais's ghost (journeyman MiFi)
 17711 | Lair:5   | Reached skill level 20 in Fighting
 17859 | Lair:5   | Found a runed translucent gate.
 17859 | Lair:5   | Found a runed translucent gate.
 17859 | Lair:5   | Found a runed translucent gate.
 17879 | Lair:5   | Reached skill level 1 in Long Blades
 18257 | Lair:5   | Killed Baesais's ghost
 18319 | Lair:6   | Entered Level 6 of the Lair of Beasts
 18857 | Lair:6   | Received a gift from Okawaru
 18922 | Lair:6   | Reached skill level 5 in Long Blades
 19346 | Lair:6   | Found a large runed translucent door.
 19407 | Lair:6   | Found a large runed translucent door.
 19570 | Lair:6   | Identified the +3 pair of gloves of the Moon {rElec SInv}
                  | (Okawaru gifted it to you on level 6 of the Lair of Beasts)
 19570 | Lair:6   | Received a gift from Okawaru
 19965 | D:12     | Reached XP level 15. HP: 131/155 MP: 18/18
 20063 | D:12     | Found a runed translucent gate.
 20063 | D:12     | Noticed Zewas's ghost (journeyman HuFi)
 20064 | D:12     | Found a runed translucent gate.
 20064 | D:12     | Found a runed translucent gate.
 20360 | D:12     | Noticed Josephine
 20424 | D:12     | Killed Josephine
 20425 | D:12     | Reached skill level 15 in Armour
 20981 | D:13     | Found Yngakun's General Store.
 21298 | D:13     | Found a gate leading to a gauntlet.
 21307 | Gauntlet | Entered a Gauntlet
 21307 | Gauntlet | Found a transporter.
 21310 | Gauntlet | Found a transporter.
 21326 | Gauntlet | Found a transporter.
 21330 | Gauntlet | Found a transporter.
 21340 | Gauntlet | Found a transporter.
 21360 | Gauntlet | Found a transporter.
 21363 | Gauntlet | Found a transporter.
 21367 | Gauntlet | Found a transporter.
 21396 | Gauntlet | Found a transporter.
 21413 | Gauntlet | Found a transporter.
 21417 | Gauntlet | Found a transporter.
 21425 | Gauntlet | Found a transporter.
 21497 | Gauntlet | Identified the amulet of Zin's Envy {Spirit Will+ Dex+3}
 21503 | Gauntlet | Acquired a +3 eveningstar of protection
 21527 | Gauntlet | Paralysed by a great orb of eyes for 6 turns
 21577 | Gauntlet | Identified the +1 helmet of Nualiy {rPois rF- rC+ Slay+2}
 21667 | Gauntlet | Identified the +7 flail "Ogrebane" {drain, Str+3}
 21681 | D:13     | Identified the +2 pair of boots "Gexi" {rPois Dex+3 Stlth-}
                  | (Okawaru gifted it to you on level 13 of the Dungeon)
 21681 | D:13     | Received a gift from Okawaru
 21856 | D:13     | Found Jovvitz's Antique Weapon Shop.
 21892 | D:13     | Found a gate to the Vaults.
 21929 | D:13     | Found a runed translucent gate.
 21932 | D:13     | Found a runed translucent gate.
 21932 | D:13     | Found a runed translucent gate.
 21934 | D:13     | Noticed Remav's ghost (adept GnAr)
 22026 | D:13     | Found Juloppaf's Antique Armour Emporium.
 22040 | D:13     | Bought a bloodstained plate armour for 728 gold pieces
 22040 | D:13     | Identified the +0 plate armour "Agifyo" {Harm rF- Str+3}
                  | (You bought it in a shop on level 13 of the Dungeon)
 22158 | D:14     | Found Luarphas's Jewellery Emporium.
 22540 | D:14     | Found Neshyage's Magic Scroll Emporium.
 22616 | D:14     | Found Guhiahed's Antique Weapon Shoppe.
 22640 | D:14     | Found Oxaliq's Armour Emporium.
 22925 | D:14     | Acquired 749 gold pieces
 23328 | D:15     | Entered Level 15 of the Dungeon
 23356 | D:14     | Bought the ring "Ymeon" {rCorr Str+6} for 1137 gold pieces
 23532 | D:15     | Reached XP level 16. HP: 100/162 MP: 21/21
 23618 | D:15     | Identified the +0 tower shield of Naom {rN+ Will+} (Okawaru
                  | gifted it to you on level 15 of the Dungeon)
 23618 | D:15     | Received a gift from Okawaru
 23619 | D:15     | Reached skill level 10 in Shields
 23984 | D:15     | Found a staircase to the Depths.
 24293 | Orc:1    | Entered Level 1 of the Orcish Mines
 24456 | Orc:2    | Entered Level 2 of the Orcish Mines
 24456 | Orc:2    | Found a staircase to the Elven Halls.
 24480 | Orc:1    | Noticed Sonja
 24484 | Orc:1    | Killed Sonja
 24784 | Orc:1    | Noticed Jorgrun
 24796 | Orc:1    | Killed Jorgrun
 25159 | Orc:2    | Noticed Maurice
 25165 | Orc:2    | Killed Maurice
 25372 | Orc:2    | Found Fautir Sidy's Book Shop.
 25624 | Orc:2    | Found Qecot's Weapon Shoppe.
 25631 | Orc:2    | Found Yroplar's Book Shoppe.
 25633 | Orc:2    | Found Asatesk's Weapon Shop.
 25892 | Shoals:1 | Entered Level 1 of the Shoals
 25973 | Shoals:1 | Received a gift from Okawaru
 26384 | Shoals:1 | Reached skill level 15 in Shields
 26574 | Shoals:1 | You fall into a shaft and drop 1 floor!
 26965 | Shoals:2 | Identified the +9 crystal plate armour "Mepnuko" {Int+4}
                  | (Okawaru gifted it to you on level 2 of the Shoals)
 26965 | Shoals:2 | Received a gift from Okawaru
 27225 | Shoals:2 | Identified the +0 hat "Awuighouwk" {SInv}
 27365 | Shoals:3 | Found Fodogh's Assorted Antiques.
 27518 | Shoals:3 | Noticed Ilsuiw
 27518 | Shoals:3 | Noticed Mara
 27522 | Shoals:2 | Reached XP level 17. HP: 172/172 MP: 22/22
 27586 | Shoals:2 | Killed Ilsuiw
 27748 | Shoals:3 | Noticed blank1's illusion
 27943 | Shoals:3 | Noticed blank1's illusion
 27969 | Shoals:3 | HP: 2/172 [blank1's illusion (illusionary)[Mara] (24)]
 27969 | Shoals:3 | Mangled by blank1's illusion (illusionary)

Illustrated notes

Levels and vault maps discovered:
D:1:      dpeg_arrival_pits, layout_loops_ring, serial_shops, shop,
          basic_ecumenical_altar, roderic_serpentine_path, minivault_26
D:2:      layout_basic, basic_altar, serial_forest, infiniplex_forest_end_2,
          infiniplex_forest_clump_diagonal, infiniplex_forest_lined_3_way,
          infiniplex_forest_straight_3, infiniplex_forest_clump_double,
          infiniplex_forest_straight_4, infiniplex_forest_straight_3,
          infiniplex_forest_lined_room_3, serial_shops, shop_fountains
D:3:      layout_basic
D:4:      layout_basic, mainiacjoe_overflow_alcove_3,
          minmay_temple_entry_enclosed_plants, lemuel_flame_loot_1, uniq_duvessa
D:5:      layout_cave_pools, hex_tiny
D:6:      layout_loops_ring, uniq_edmund
D:7:      layout_rooms, eino_small_chamber_without_monster, uniq_harold
D:8:      layout_basic, gammafunk_ghost_icy, lemuel_another_geyser, uniq_grum
D:9:      layout_cave_pods, lair_entry_dummy, serial_shops, shop,
          nicolae_shop_hallway_plus, ebering_ghost_rock_garden
D:10:     layout_grid_maze, orc_0_dummy, enter_bailey_4, minivault_26
D:11:     layout_loops_ring, chequers_serial_rivers_micro_b, uniq_urug
D:12:     layout_grid_maze, gammafunk_ghost_hydra_chop, uniq_josephine
D:13:     layout_rooms, erik_vaults_2, gammafunk_ghost_nasty_kobolds,
          serial_shops, nicolae_shop_hallway_plus, nicolae_shop_waterfront,
          nicolae_take_the_stairs, gauntlet_entry_generic,
          minmay_guarded_unrand_curses
D:14:     layout_irregular_city, dk_noncrumbling_3, serial_shops,
          nicolae_inconvenience_store, nicolae_square_shop,
          nicolae_lakefront_shop, nicolae_shop_hallway_plus
D:15:     hangedman_depths_entry_try_elsewhere_first, layout_rooms,
          hex_intersection
Temple:   compressed_dpeg_circular_temple
Lair:1:   layout_cave_pods, dpeg_stationary_puzzle
Lair:2:   layout_roguey, minmay_stone_trees_small, serial_bayou_shore_a,
          serial_bayou_shore_b, lemuel_fruit_tree
Lair:3:   layout_cave_pods, minmay_shoals_entry_hut, spider_nest_entry_rubble,
          beast_lair_carwin_7, uniq_gastronok, uniq_rupert
Lair:4:   layout_loops_ring, nzn_masters_of_martial_movement
Lair:5:   layout_gridlike, slime_dummy, enter_volcano_1,
          maelrawn_ghost_gauntlet_escape,
          portal_ice_cave_entry_animals_and_master, beast_lair_carwin_10,
          grunt_megastairs_2
Lair:6:   cheibrodos_lair_end_hotspot, layout_loops_ring, worms_lemuel
Shoals:1: layout_shoals, nicolae_shoals_dead_sea_scrolls
Shoals:2: layout_shoals, centaur_isle
Shoals:3: layout_shoals, serial_shops, nicolae_shop_waterfront, uniq_ilsuiw,
          uniq_mara
Orc:1:    layout_caves, mines1_david, uniq_sonja, uniq_jorgrun
Orc:2:    st_orc_elflike, layout_caves, basic_altar, nicolae_orc_lost_temple,
          uniq_maurice

Skill      XL: |  1  2  3  4  5  6  7  8  9 10 11 12 13 14 15 16 |
---------------+-------------------------------------------------+-----
Dodging        | 1 2 3 5 8 10 11 | 11.5
Shields        | 4 5 9 15 | 15.0
Fighting       | 4 5 6 7 9 10 12 14 15 18 20 | 20.8
Armour         | 4 5 7 9 10 12 14 16 | 16.0
Maces & Flails | 3 4 5 6 7 9 10 12 14 15 16 | 16.0
Invocations    | 2 3 4 5 6 8 |  8.0
Long Blades    | 7 |  7.0

Action                   |  1- 3 |  4- 6 |  7- 9 | 10-12 | 13-15 | 16-18 || total
-------------------------+-------+-------+-------+-------+-------+-------++-------
Melee: Flail             |   101 |   101 |   264 |    29 |       |       ||   495
       Headbutt          |    13 |    16 |    49 |   129 |   334 |   185 ||   726
       Dire flail        |       |       |       |   545 |   998 |       ||  1543
       Eveningstar       |       |       |       |       |   229 |   618 ||   847
Throw: Javelin           |       |       |       |       |       |     3 ||     3
Invok: Heroism           |       |       |     1 |     4 |     3 |       ||     8
       Finesse           |       |       |       |     1 |     1 |       ||     2
  Use: Scroll            |       |     7 |     9 |    11 |     9 |       ||    36
       Potion            |       |       |     1 |       |     1 |     1 ||     3
 Stab: Petrifying        |       |       |       |       |     1 |       ||     1
       Distracted        |       |       |       |       |       |     1 ||     1
Armor: Scale mail        |    52 |     6 |       |       |       |       ||    58
       Chain mail        |       |    49 |   176 |   288 |   221 |       ||   734
       Plate armour      |       |       |       |       |   536 |   220 ||   756
       Crystal plate arm |       |       |       |       |       |   164 ||   164
Dodge: Dodged            |    46 |    43 |   107 |   206 |   561 |   230 ||  1193
Block: Buckler           |    32 |    21 |    57 |     5 |       |       ||   115
       Kite shield       |       |       |       |       |   121 |     4 ||   125
       Tower shield      |       |       |       |       |       |   718 ||   718

Table legend: (Time is in decaauts)
 A = Elapsed time spent in this place.
 B = Non-inter-level travel time spent in this place.
 C = Inter-level travel time spent in this place.
 D = Time resting spent in this place.
 E = Time spent auto-exploring this place.
 F = Levels seen in this place.
 G = Mean time per level.
                   A        B        C        D        E       F      G
               +--------+--------+--------+--------+--------+-----+--------+
         Total |  27625 |  25967 |   1658 |   2724 |  16457 |  31 |  891.1 |
       Dungeon |  16054 |  14988 |   1066 |   2107 |   9648 |  15 | 1070.3 |
        Temple |     19 |     11 |      8 |      0 |      3 |   1 |   19.0 |
          Lair |   6320 |   5917 |    403 |    203 |   4519 |   6 | 1053.3 |
        Shoals |   2224 |   2091 |    133 |    248 |    895 |   3 |  741.3 |
  Orcish Mines |   1387 |   1340 |     47 |    166 |    558 |   2 |  693.5 |
        Bailey |    411 |    411 |      0 |      0 |    154 |   1 |  411.0 |
      Ice Cave |    643 |    643 |      0 |      0 |    386 |   1 |  643.0 |
       Volcano |    201 |    201 |      0 |      0 |     66 |   1 |  201.0 |
      Gauntlet |    362 |    362 |      0 |      0 |    227 |   1 |  362.0 |
               +--------+--------+--------+--------+--------+-----+--------+

Top non-repeatable levels by time:
     D:8: 1617 daAuts
     D:9: 1580 daAuts
     D:4: 1492 daAuts
    D:14: 1355 daAuts
     D:6: 1275 daAuts
  Lair:6: 1242 daAuts
  Lair:3: 1236 daAuts
  Lair:5: 1176 daAuts
    D:10: 1127 daAuts
    D:12: 1078 daAuts
     D:5: 1060 daAuts
Shoals:2: 1040 daAuts
     D:1: 1035 daAuts
  Lair:1: 1021 daAuts
  Lair:2: 965 daAuts
